 Dungeon Sprint DCSS version 0.17-a0-1954-g0dddeaa (webtiles) character file.

207 kosy22 the Skirmisher (level 5, -3/59 HPs)
             Began as a Troll Fighter on Oct 4, 2015.
             Was a Follower of Jiyva.
             Slain by an unseen horror (8 damage)
             ... in the Dungeon (Sprint IX: "|||||||||||||||||||||||||||||").
             The game lasted 00:01:06 (155 turns).

kosy22 the Skirmisher (Troll Fighter)                Turns: 155, Time: 00:01:06

Health: -3/59      AC:  7    Str: 28    XL:     5   Next: 54%
Magic:  4/4        EV: 10    Int:  4    God:    Jiyva [*.....]
Gold:   0          SH: 10    Dex:  9    Spells: 0 memorised, 4 levels left

rFire  . . .     SeeInvis .     o - +2 morningstar of the Evening {holy, rC+}
rCold  + . .     Clarity  .     a - +0 robe
rNeg   . . .     SustAt   .     b - +0 shield
rPois  .         Gourm    +     (helmet restricted)
rElec  .         Spirit   .     (no cloak)
rCorr  .         Warding  .     (gloves unavailable)
rMut   .         NoTele   +     (boots unavailable)
MR     .....                    (no amulet)
Stlth  +.........               p - +3 ring of strength
                                q - +2 ring of protection

@: not resistant to hostile enchantments, very unstealthy
A: unfitting armour, claws 3, fast metabolism 3, gourmand, regeneration 2,
shaggy fur 1, tough skin 2
a: Request Jelly, Renounce Religion


You were in the Dungeon.
You worshipped Jiyva.
Jiyva was aware of your devotion.
You were not hungry.

You visited 1 branch

Inventory:

Hand weapons
 o - the +2 morningstar of the Evening (weapon) {holy, rC+}
   (You found it in the Dungeon)

   It has been blessed by the Shining One to cause great damage to the undead
   and demons.
   It protects you from cold.
Armour
 a - a +0 robe (worn)
 b - a +0 shield (worn)
Jewellery
 p - a +3 ring of strength (right claw)
 q - a +2 ring of protection (left claw)
Magical devices
 n - a wand of cold (7)
Scrolls
 j - 2 scrolls of blinking
 l - 3 scrolls of remove curse
 m - 2 scrolls of amnesia
Potions
 c - a potion of might
 e - a potion of curing
 f - a potion of invisibility
 g - a potion of haste
 h - 4 potions of magic
 i - a potion of berserk rage
 k - 2 potions of heal wounds
Comestibles
 d - 2 bread rations


   Skills:
 + Level 6.2 Fighting
 + Level 5.3 Dodging
 + Level 5.4 Shields
 + Level 4.6 Unarmed Combat


You had 4 spell levels left.
You didn't know any spells.

Dungeon Overview and Level Annotations

Branches:
Dungeon (1/1)

Altars:
Cheibriados
Dithmenos
Elyvilon
Fedhas
Gozag
Kikubaaqudgha
Makhleb
Nemelex Xobeh
Okawaru
Qazlal
Ru
Sif Muna
Trog
Vehumet
Xom
Yredelemnul
Zin
The Shining One
Beogh
Jiyva
Lugonu


Innate Abilities, Weirdness & Mutations

You are too large for most types of armour.
You have claws for hands.
Your metabolism is lightning-fast.
You like to eat raw meat.
You heal very quickly.
You are covered in fur (AC +1).
You have very tough skin (AC +2).


Message History

Drink which item? (? for menu, Esc to quit)
You feel better. Something hits you!
You miss something. Something hits you. Something hits you. Something hits you.
You puncture something! Something hits you but does no damage.
Something hits you.
* * * LOW HITPOINT WARNING * * *
Something hits you.
* * * LOW HITPOINT WARNING * * *
Drink which item? (? for menu, Esc to quit)
You feel better. Something hits you but does no damage. Something hits you.
Drink which item? (? for menu, Esc to quit)
You feel better. Something hits you. Something hits you.
* * * LOW HITPOINT WARNING * * *
You completely miss something. You block its attack. Something hits you!
* * * LOW HITPOINT WARNING * * *
You hear a slurping noise.
You can now request a jelly.
Jiyva appreciates your sacrifice.
You hit something but do no damage. Something hits you but does no damage.
Something hits you!
You die...

▓.▓
▓.▓
▓t▓
▓O▓
▓a▓
▓C▓
▓)▓
▓@▓
▓.▓
▓[▓
▓[▓
▓[▓
▓)▓
▓.▓
▓J▓
▓.▓


You could see a hill giant, a crocodile, an ogre, a worker ant and a neutral
jelly (fellow slime).

Vanquished Creatures
  An ogre (D)
  A centaur (D)
  A wight (D)
  An orc (D)
  2 goblins (D)
  2 hobgoblins (D)
  A bat (D)
  A giant gecko zombie (D)
  A quokka (D)
11 creatures vanquished.

Notes
Turn   | Place    | Note
--------------------------------------------------------------
     0 | D        | kosy22 the Troll Fighter began the quest for the Orb.
     0 | D        | Reached XP level 1. HP: 22/22 MP: 0/0
    10 | D        | Reached skill level 3 in Fighting
    20 | D        | Noticed an ogre
    20 | D        | Noticed a centaur
    27 | D        | Killed a centaur
    27 | D        | Reached skill level 4 in Fighting
    27 | D        | Reached XP level 2. HP: 8/33 MP: 1/1
    27 | D        | Reached XP level 3. HP: 9/40 MP: 2/2
    27 | D        | Reached XP level 4. HP: 11/49 MP: 3/3
    38 | D        | Killed an ogre
    38 | D        | Reached skill level 5 in Fighting
    38 | D        | Reached skill level 5 in Dodging
    38 | D        | Reached skill level 5 in Shields
    38 | D        | Reached XP level 5. HP: 31/59 MP: 4/4
    85 | D        | Found a glowing silver altar of Zin.
    85 | D        | Found a glowing golden altar of the Shining One.
    85 | D        | Found an ancient bone altar of Kikubaaqudgha.
    85 | D        | Found a basalt altar of Yredelemnul.
    85 | D        | Found a shimmering altar of Xom.
    85 | D        | Found a radiant altar of Vehumet.
    86 | D        | Found an iron altar of Okawaru.
    87 | D        | Found a burning altar of Makhleb.
    88 | D        | Found a deep blue altar of Sif Muna.
    89 | D        | Found a bloodstained altar of Trog.
    90 | D        | Found a sparkling altar of Nemelex Xobeh.
    91 | D        | Found a white marble altar of Elyvilon.
    92 | D        | Found a roughly hewn altar of Beogh.
    93 | D        | Found a viscous altar of Jiyva.
    94 | D        | Found a corrupted altar of Lugonu.
    95 | D        | Found a blossoming altar of Fedhas.
    96 | D        | Found a snail-covered altar of Cheibriados.
    97 | D        | Found a shadowy altar of Dithmenos.
    98 | D        | Found a stormy altar of Qazlal.
    99 | D        | Found an opulent altar of Gozag.
   100 | D        | Found a sacrificial altar of Ru.
   111 | D        | Became a worshipper of Jiyva Jean the Shapeless
   128 | D        | Got the +2 morningstar of the Evening {holy, rC+}
   139 | D        | Noticed a hill giant
   139 | D        | Noticed a crocodile
   139 | D        | Noticed an ogre
   139 | D        | Noticed a worker ant
   139 | D        | Noticed a wight
   142 | D        | Killed a wight
   142 | D        | Reached skill level 6 in Fighting
   154 | D        | Acquired Jiyva's first power
   155 | D        | Slain by an unseen horror

Vault maps used:
D:        linesprint

Action                   |  1- 3 |  4- 6 || total
-------------------------+-------+-------++-------
Melee: Unarmed           |    15 |    11 ||    26
       Morningstar       |       |    12 ||    12
  Use: Potion            |       |     5 ||     5
